 Dungeon Crawl Stone Soup version 0.29-a0-824-gd827844252 (webtiles) character file.

Game seed: 16732204473633818512

49 jimonade the Sneak (level 4, -10/27 HPs)
             Began as a Kobold Brigand on July 10, 2022.
             Mangled by a gnoll
             ... wielding a +2 flail of holy wrath
              (11 damage)
             ... on level 1 of the Dungeon.
             The game lasted 00:04:27 (1848 turns).

jimonade the Sneak (Kobold Brigand)                 Turns: 1848, Time: 00:04:27

Health: -10/27     AC:  3    Str:  8    XL:     4   Next: 2%
Magic:  4/4        EV: 14    Int: 12    God:
Gold:   58         SH:  0    Dex: 24    Spells: 3/3 levels left

rFire   . . .      SeeInvis +   a - +2 dagger
rCold   . . .      Faith    .   (no shield)
rNeg    . . .      Spirit   .   b - +0 robe
rPois   .          Reflect  .   (no helmet)
rElec   .          Harm     .   c - +0 cloak
rCorr   .          Rampage  .   (no gloves)
Will    .....                   (no boots)
Stlth   +++++.....              (no amulet)
HPRegen 0.09/turn               f - +6 ring of dexterity
MPRegen 0.09/turn               l - ring of see invisible

@: no status effects
A: small, no large weapons, nightstalker 3
a: no special abilities


You were on level 1 of the Dungeon.
You visited 1 branch of the dungeon, and saw 2 of its levels.

You collected 86 gold pieces.
You spent 28 gold pieces at shops.

Inventory:

Hand Weapons
 a - a +2 dagger (weapon)
 h - a +1 dagger of flaming
Missiles
 d - 17 poisoned darts (quivered)
 e - 5 curare-tipped darts
Armour
 b - a +0 robe (worn)
 c - a +0 cloak (worn)
Jewellery
 f - a +6 ring of dexterity (left hand)
 l - a ring of see invisible (right hand)
Wands
 j - a wand of charming (13)
Scrolls
 g - 2 scrolls of teleportation {unknown}
 i - 2 scrolls of identify
 k - a scroll of immolation {unknown}


   Skills:
 + Level 2.4 Fighting
 + Level 2.9 Short Blades
 + Level 2.1 Throwing
 + Level 1.2 Dodging
 * Level 7.1 Stealth


You had 3 spell levels left.
You didn't know any spells.
Your spell library contained the following spells:

 Spells                   Type           Power      Damage    Failure   Level
 Beastly Appendage        Tmut           0%         N/A       32%         1
 Sandblast                Erth           0%         2d4       32%         1
 Passwall                 Tmut/Erth      0%         N/A       45%         2
 Poisonous Vapours        Pois/Air       0%         N/A       45%         2
 Wereblood                Tmut           0%         N/A       45%         2
 Spider Form              Tmut/Pois      0%         N/A       69%         3
 Stone Arrow              Conj/Erth      0%         3d7       69%         3
 Corpse Rot               Necr/Pois/Air  0%         N/A       97%         4


Dungeon Overview and Level Annotations

Branches:
Dungeon (2/15)

Altars:
Zin

Shops:
D:2 [?*[


Innate Abilities, Weirdness & Mutations

You are small and have problems with some larger weapons.
You are completely attuned to the shadows.


Message History

There is an open door here.
There is a stone staircase leading down here.
You climb downwards.
There is a stone staircase leading up here.
The gnoll shouts!
You hit the gnoll.
The gnoll is lightly wounded.
You hear a shout! x2
The gnoll misses you.
You hit the gnoll.
The gnoll is moderately wounded.
The gnoll completely misses you.
You barely miss the gnoll.
The gnoll is moderately wounded.
You barely miss the gnoll.
The gnoll is moderately wounded.
The gnoll barely misses you.
You closely miss the gnoll.
The gnoll is moderately wounded.
The gnoll hits you with a +0 halberd!
You completely miss the gnoll.
The gnoll is moderately wounded.
The gnoll hits you with a +0 halberd!
* * * LOW HITPOINT WARNING * * *
The gnoll attacks as you move away!
The gnoll hits you with a +2 flail of holy wrath.
* * * LOW HITPOINT WARNING * * *
The gnoll attacks as you move away! The gnoll barely misses you.
The gnoll closely misses you. The gnoll attacks as you move away!
The gnoll closely misses you.
There is a stone staircase leading up here.
The gnoll hits you from afar with a +0 halberd.
* * * LOW HITPOINT WARNING * * *
The gnoll barely misses you.
You climb upwards.
There is a stone staircase leading down here.
You hit the gnoll.
The gnoll is lightly wounded.
The gnoll hits you with a +2 flail of holy wrath!
You die...

.......#.....#.........#
.......###.##.......####
.......###.##.......#
...................##
...........##......#
.........).##......#
..............#...#########
..............#g.#........#
..............#.@.........#
..............#...........#
..............#...........#
..........#####.##........#
..........# #.##........#
..........# #.##........#
.......#### #..'........#
######## ####........#
#........#


You could see a gnoll.

Vanquished Creatures
  An adder (D:2)
  A worm (D:2)
  2 dart slugs (D:1)
  2 ball pythons
  3 endoplasms
  3 goblins
  6 hobgoblins
  2 kobolds
  A quokka (D:1)
  4 bats
  2 frilled lizards (D:2)
  6 rats
33 creatures vanquished.

Vanquished Creatures (others)
  A plant (D:2)
1 creature vanquished.

Grand Total: 34 creatures vanquished

Notes
Turn   | Place    | Note
-------+----------+-------------------------------------------
     0 | D:1      | jimonade the Kobold Brigand began the quest for the Orb.
     0 | D:1      | Reached XP level 1. HP: 12/12 MP: 1/1
   362 | D:1      | Reached XP level 2. HP: 17/17 MP: 2/2
   467 | D:1      | Reached skill level 6 in Stealth
   899 | D:1      | Reached XP level 3. HP: 22/22 MP: 3/3
  1322 | D:2      | Found Fottipt's Assorted Antiques.
  1342 | D:2      | Found Cokly's Armour Shop.
  1346 | D:2      | Found a faded altar of an unknown god.
  1393 | D:2      | Found Nacej's Magic Scroll Boutique.
  1398 | D:2      | Bought a scroll of identify for 28 gold pieces
  1444 | D:2      | Found Araodipn's Antique Armour Emporium.
  1556 | D:2      | Found a glowing silver altar of Zin.
  1607 | D:2      | Reached skill level 7 in Stealth
  1657 | D:2      | Reached XP level 4. HP: 27/27 MP: 4/4
  1846 | D:2      | HP: 1/27 [gnoll/+0 halberd (3)]
  1848 | D:1      | Mangled by a gnoll

Illustrated notes

Levels and vault maps discovered:
D:1:      nicolae_arrival_washed_ashore, layout_basic
D:2:      layout_loops_ring, basic_ecumenical_altar, serial_shops, shop, shop,
          nicolae_shop_overgrown_old_shop, shop, basic_altar

Skill      XL: |  1  2  3 |
---------------+----------+-----
Stealth        | 6 7 |  7.1
Fighting       | |  2.4
Short Blades   | |  2.9
Throwing       | |  2.1
Dodging        | |  1.2

Action                   |  1- 3 |  4- 6 || total
-------------------------+-------+-------++-------
Melee: Dagger            |    48 |    10 ||    58
 Stab: Sleeping          |    25 |     1 ||    26
Armor: Robe              |     5 |     1 ||     6
Dodge: Dodged            |    13 |     8 ||    21

Table legend: (Time is in decaauts)
 A = Elapsed time spent in this place.
 B = Non-inter-level travel time spent in this place.
 C = Inter-level travel time spent in this place.
 D = Time resting spent in this place.
 E = Time spent auto-exploring this place.
 F = Levels seen in this place.
 G = Mean time per level.
                   A        B        C        D        E       F      G
               +--------+--------+--------+--------+--------+-----+--------+
         Total |   1846 |   1797 |     49 |    332 |   1082 |   2 |  923.0 |
       Dungeon |   1846 |   1797 |     49 |    332 |   1082 |   2 |  923.0 |
               +--------+--------+--------+--------+--------+-----+--------+

Top non-repeatable levels by time:
     D:1: 1334 daAuts
     D:2: 511 daAuts
